Map: Orbital Shipyard

Players

IlllIlllIlll

  • Race: Zerg Zerg
  • League: Gold

Crush

  • Race: Zerg Zerg

llllllllllll

  • Race: Zerg Zerg
  • League: Master

황제

  • Race: Zerg Zerg

VOD

Have the link to the VOD?

Description

Time

  • Played on: Dec. 5, 2015, 2:08 a.m.
  • Length: 3:57
Show
View Real Time Build Order
Export as new Build Order

IlllIlllIlll Zerg 

Build Orders: Pool Only, Zergling Baneling 

Get SALT Encoding   

  12  0:00  Drone  
  13  0:09  Drone  
  14  0:14  Extractor  
  14  0:15  Drone  
  14  0:35  Spawning Pool  
  13  0:36  Drone  
  14  0:43  Drone, Extractor  
  15  0:52  Overlord  
  15  1:21  Metabolic Boost, Zergling x6  
  18  1:26  Queen  
  20  1:33  Zergling x2  
  21  1:40  Baneling Nest  
  21  1:44  Zergling x2  
  22  1:54  Zergling x2  
  22  2:06  Overlord  
  22  2:17  Extractor  
  22  2:18  Zergling x2  
  23  2:26  Zergling x2  
  24  2:35  Zergling x4  
  26  2:37  Zergling x2  
  26  2:38  Baneling, Zergling x2  
  26  2:39  Baneling x2  
  26  2:42  Baneling  
  28  2:49  Overlord  
  28  3:00  Zergling x2  
  27  3:07  Zergling x2  
  27  3:08  Zergling x4  
  28  3:13  Zergling x2  
  28  3:19  Baneling x2  
  29  3:21  Baneling x2  
  29  3:26  Zergling x2  
  29  3:38  Zergling x4  
  29  3:39  Zergling x2  
Show
View Real Time Build Order
Export as new Build Order

Crush Zerg 

Build Orders: Hatch First 

Get SALT Encoding   

  12  0:01  Drone  
  13  0:12  Overlord  
  13  0:18  Drone  
  14  0:30  Drone x2  
  14  0:34  Drone  
  17  0:53  Hatchery  
  17  0:56  Drone  
  17  1:08  Extractor  
  17  1:09  Drone  
  17  1:11  Drone  
  18  1:21  Spawning Pool  
  17  1:36  Drone x2  
  17  1:38  Drone  
  20  1:54  Overlord  
  20  2:08  Queen, Zergling x2  
  23  2:10  Queen, Zergling x2  
  23  2:15  Zergling x2  
  27  2:16  Metabolic Boost  
  27  2:18  Zergling x2  
  27  2:21  Zergling x2  
  29  2:32  Zergling x2  
  29  2:33  Zergling x2  
  31  2:51  Queen  
  31  2:55  Zergling x4  
  26  3:13  Zergling x6  
  26  3:15  Zergling x4  
  26  3:16  Queen  
Show
View Real Time Build Order
Export as new Build Order

llllllllllll Zerg 

Build Orders:  

Get SALT Encoding   

Show
View Real Time Build Order
Export as new Build Order

황제 Zerg 

Build Orders:  

Get SALT Encoding   

Tags
 
Add a new tag
Caveats
  • Supply blocks, unpowered buildings, or Contaminate may cause inaccurate times.
  • Supply counts are checked every 10 seconds.